 Dungeon Sprint DCSS version 0.30-a0-618-gd6c86c23d0 (webtiles) character file.

Game seed: 6267229824866294722

13457 BigDaddyOpFi the End of an Era (level 17, -3/108 HPs)
             Began as an Octopode Fighter on Jan 9, 2023.
             Was the Champion of Qazlal.
             Splashed by Dissolution's acid (4 damage)
             ... in the Dungeon (Sprint VI: "Thunderdome").
             The game lasted 00:22:19 (3064 turns).

BigDaddyOpFi the End of an Era (Octopode Fighter)   Turns: 3064, Time: 00:22:19

Health: -3/108     AC:  6    Str: 34    XL:     17   Next: 77%
Magic:  10/15      EV: 41    Int: 23    God:    Qazlal [******]
Gold:   3221       SH:  0    Dex: 40    Spells: 16/16 levels left

rFire   + . .      SeeInvis +    x - +9 broad axe (heavy)
rCold   + . .      Faith    .    F - +6 tower shield of Negligence {Dex+4}
rNeg    + + .      Spirit   .    a - +2 hat "Vaqij" {rPois rF+ Int+4 Dex+6}
rPois   +          Reflect  +    o - amulet "Wuvuixeoxi" {Reflect rElec rPois Regen+ SH+5 Stlth-}
rElec   +          Harm     .    n - ring of Uskayaw's Supremacy {+Blink AC+4 Str+3 Dex+3}
rCorr   +          Rampage  .    c - ring "Meqasidei" {Int+6 Dex+2}
Will    .....      NoTele   +    D - ring of Voluzer {rCorr Str+9 Dex+2}
Stlth   +                        q - ring of Fekodghaa {rPois Will- rCorr Dex+2}
HPRegen 1.18/turn                r - ring of the Fifty Flying Lives {rN+ Int+2 Dex+3 SInv}
MPRegen 0.14/turn                e - ring of Eternal Harmony {Fly rPois rC+}
                                 E - ring "Paopot" {rPois MP-9 AC+4 Dex+3}
                                 w - ring "Mavoxoid" {Drain rN+ Int+4 Dex+5}

@: confused, protected from physical damage, corroded, flying, repel missiles,
unable to drink
A: almost no armour, amphibious, 8 rings, camouflage 1, gelatinous body 1,
(nimble swimmer 1), tentacles, clumsy 1, dopey 2, frail 2, low MP 2, poison
resistance, subdued magic 1, inability to drink after injury 2, devolution 1
}: 3/15 runes: decaying, barnacled, mossy
a: Renounce Religion, Evoke Blink, Upheaval, Elemental Force, Disaster Area


You were in the Dungeon.
You worshipped Qazlal.
Qazlal was exalted by your worship.
You visited 1 branch You collected 8190 gold pieces.
You spent 4969 gold pieces at shops.

Inventory:

Hand Weapons
 x - a +9 heavy broad axe (weapon)
 y - a +5 broad axe of freezing
Armour
 a - the +2 hat "Vaqij" (worn) {rPois rF+ Int+4 Dex+6}
   (You bought it in a shop in the Dungeon)

   Int:       It affects your intelligence (+4).
   Dex:       It affects your dexterity (+6).
   rF:        It protects you from fire.
   rPois:     It protects you from poison.
 u - the +0 kite shield of the Monk {rPois rF+ SInv}
   (You bought it in a shop in the Dungeon)

   rF:        It protects you from fire.
   rPois:     It protects you from poison.
   SInv:      It lets you see invisible.
 v - the +2 hat of the Bear Spirit {Spirit, *Rage Will++}
   (You found it in the Dungeon)

   Going berserk makes the wearer tougher, and they're slowed less afterward.
   *Rage:     It berserks you when you make melee attacks (+20% chance).
   Will:      It greatly increases your willpower.
 F - the +6 tower shield of Negligence (worn) {Dex+4}
   (You bought it in a shop in the Dungeon)

   Dex:       It affects your dexterity (+4).
 I - the +2 buckler of Terror {-Cast rCorr Dex+4}
   (You bought it in a shop in the Dungeon)

   Dex:       It affects your dexterity (+4).
   -Cast:     It prevents spellcasting.
   rCorr:     It protects you from acid and corrosion.
 J - the +2 buckler of Maaj {Regen+ Int+8 Slay+2 Stlth-}
   (You bought it in a shop in the Dungeon)

   Int:       It affects your intelligence (+8).
   Slay:      It affects your accuracy & damage with ranged weapons and melee
   (+2).
   Regen:     It increases your rate of health regeneration.
   Stlth:     It makes you less stealthy.
Jewellery
 c - the ring "Meqasidei" (right tentacle) {Int+6 Dex+2}
   (You bought it in a shop in the Dungeon)

   [ring of intelligence]

   Int:       It affects your intelligence (+6).
   Dex:       It affects your dexterity (+2).
 e - the ring of Eternal Harmony (on tentacle) {Fly rPois rC+}
   (You bought it in a shop in the Dungeon)

   [ring of poison resistance]

   rC:        It protects you from cold.
   rPois:     It protects you from poison.
   Fly:       It grants you flight.
 n - the ring of Uskayaw's Supremacy (left tentacle) {+Blink AC+4 Str+3 Dex+3}
   (You bought it in a shop in the Dungeon)

   [ring of protection]

   AC:        It affects your AC (+4).
   Str:       It affects your strength (+3).
   Dex:       It affects your dexterity (+3).
   +Blink:    It lets you blink.
 o - the amulet "Wuvuixeoxi" (around mantle) {Reflect rElec rPois Regen+ SH+5 Stlth-}
   (You bought it in a shop in the Dungeon)

   [amulet of reflection]

   It reflects blocked missile attacks.
   rElec:     It insulates you from electricity.
   rPois:     It protects you from poison.
   Regen:     It increases your rate of health regeneration.
   SH:        It affects your SH (+5).
   Stlth:     It makes you less stealthy.
 p - the ring of Xom's Malicious Joy {Fire Dex+7}
   (You bought it in a shop in the Dungeon)

   [ring of fire]

   It enhances your fire magic.
   Dex:       It affects your dexterity (+7).
   rF:        It protects you from fire.
   rC:        It makes you vulnerable to cold.
 q - the ring of Fekodghaa (on tentacle) {rPois Will- rCorr Dex+2}
   (You bought it in a shop in the Dungeon)

   [ring of resist corrosion]

   Dex:       It affects your dexterity (+2).
   rPois:     It protects you from poison.
   rCorr:     It protects you from acid and corrosion.
   Will:      It decreases your willpower.
 r - the ring of the Fifty Flying Lives (on tentacle) {rN+ Int+2 Dex+3 SInv}
   (You bought it in a shop in the Dungeon)

   [ring of see invisible]

   Int:       It affects your intelligence (+2).
   Dex:       It affects your dexterity (+3).
   rN:        It protects you from negative energy.
   SInv:      It lets you see invisible.
 s - the ring of Ru's Hope {rPois rC- rN++ Will+ Str-2}
   (You bought it in a shop in the Dungeon)

   [ring of willpower]

   Str:       It affects your strength (-2).
   rC:        It makes you vulnerable to cold.
   rPois:     It protects you from poison.
   rN:        It greatly protects you from negative energy.
   Will:      It increases your willpower.
 t - the ring "Nynwaxzi" {rElec Will+ Dex+7 Slay-2 SInv}
   (You bought it in a shop in the Dungeon)

   [ring of willpower]

   Dex:       It affects your dexterity (+7).
   Slay:      It affects your accuracy & damage with ranged weapons and melee
   (-2).
   rElec:     It insulates you from electricity.
   SInv:      It lets you see invisible.
   Will:      It increases your willpower.
 w - the ring "Mavoxoid" (on tentacle) {Drain rN+ Int+4 Dex+5}
   (You bought it in a shop in the Dungeon)

   [ring of positive energy]

   Int:       It affects your intelligence (+4).
   Dex:       It affects your dexterity (+5).
   rN:        It protects you from negative energy.
   Drain:     It drains your maximum health when unequipped.
 A - the amulet of Uraabb {Reflect rN+++ rCorr Str-5 SH+5}
   (You bought it in a shop in the Dungeon)

   [amulet of reflection]

   It reflects blocked missile attacks.
   Str:       It affects your strength (-5).
   rN:        It renders you almost immune to negative energy.
   rCorr:     It protects you from acid and corrosion.
   SH:        It affects your SH (+5).
 B - the amulet of Kalauly {Acrobat rPois rN+ Will++ Str-3}
   (You bought it in a shop in the Dungeon)

   [amulet of the acrobat]

   It increases your evasion while moving and waiting.
   Str:       It affects your strength (-3).
   rPois:     It protects you from poison.
   rN:        It protects you from negative energy.
   Will:      It greatly increases your willpower.
 C - the ring "Omonnage" {Fly rElec Int+6}
   (You bought it in a shop in the Dungeon)

   [ring of flight]

   Int:       It affects your intelligence (+6).
   rElec:     It insulates you from electricity.
   Fly:       It grants you flight.
 D - the ring of Voluzer (on tentacle) {rCorr Str+9 Dex+2}
   (You bought it in a shop in the Dungeon)

   [ring of resist corrosion]

   Str:       It affects your strength (+9).
   Dex:       It affects your dexterity (+2).
   rCorr:     It protects you from acid and corrosion.
 E - the ring "Paopot" (on tentacle) {rPois MP-9 AC+4 Dex+3}
   (You bought it in a shop in the Dungeon)

   [ring of protection]

   AC:        It affects your AC (+4).
   Dex:       It affects your dexterity (+3).
   rPois:     It protects you from poison.
   MP:        It affects your magic capacity (-9).
 G - the amulet "Aphycs" {RegenMP +Inv Str+4}
   (You bought it in a shop in the Dungeon)

   [amulet of magic regeneration]

   It increases your rate of magic regeneration.
   Str:       It affects your strength (+4).
   +Inv:      It lets you turn invisible.
 H - the amulet of Muesag {Acrobat *Slow rPois Str+2 Int+3}
   (You bought it in a shop in the Dungeon)

   [amulet of the acrobat]

   It increases your evasion while moving and waiting.
   Str:       It affects your strength (+2).
   Int:       It affects your intelligence (+3).
   rPois:     It protects you from poison.
   *Slow:     It may slow you when you take damage.
Wands
 k - a wand of light (1) (quivered)
 l - a wand of roots (10)
Scrolls
 b - 4 scrolls of enchant armour
 i - 7 scrolls of blinking
 m - 3 scrolls of fog
Potions
 d - a potion of curing
 f - 4 potions of haste
 g - 2 potions of magic
 h - a potion of berserk rage
 j - a potion of resistance
 z - 4 potions of heal wounds


   Skills:
 + Level 18.9 Fighting
 + Level 19.0 Axes
 + Level 18.9 Dodging
 + Level 18.9 Shields
 + Level 20.0 Invocations
 + Level 10.1 Evocations


You had 16 spell levels left.
You didn't know any spells.
Your spell library was empty.

Dungeon Overview and Level Annotations

Branches:
Dungeon (1/1)

Altars:
Cheibriados
Dithmenos
Fedhas
Gozag
Kikubaaqudgha
Makhleb
Okawaru
Qazlal
Ru
Sif Muna
Trog
Uskayaw
Vehumet
Wu Jian
Xom
Yredelemnul
Zin
The Shining One
Lugonu

Shops:
D [??*?*:[((!!!!

Annotations:
D Dissolution


Innate Abilities, Weirdness & Mutations

You cannot wear most types of armour.
You are amphibious.
You can wear up to eight rings at the same time.
Your skin changes colour to match your surroundings (Stealth+).
Your rubbery body absorbs attacks. (AC +1, EV +1)
((You are camouflaged when in or above water. (Stealth+)))
You have tentacles for arms and can constrict up to eight enemies at once.
You are clumsy. (Dex -2)
You are very dopey. (Int -4)
You are very frail. (-20% HP)
Your magical capacity is very low. (-20% MP)
Your system is resistant to poisons. (rPois)
Your spells are a little easier to cast, but a little less powerful.
You sometimes lose the ability to drink potions when taking damage.
You have hidden genetic defects.


Message History

You are confused.
Dissolution completely misses you. x2
The floating eye is struck by lightning.
The floating eye seems to glare at you.
The golden eye blinks!
You slice Dissolution!!
Your tentacles burn!
Dissolution is moderately wounded.
Dissolution says, "Jiyva sees all!"
The floating eye gazes piercingly through you!
You suddenly lose the ability to move!
The golden eye turns its gaze towards you.
The golden eye dissolves into a puddle of slime!
Dissolution barely misses you. Dissolution hits you!!
You are splashed with acid.
You resist.
The floating eye is engulfed in freezing vapours.
You kill the floating eye!
The floating eye dissolves into a puddle of slime!
Dissolution hits you!!!
You feel threatened and lose the ability to drink potions!
You are splashed with acid.
You resist. Dissolution hits you! The acid corrodes you!
You are splashed with acid.
You resist. The golden eye blinks at you.
You are more confused.
You can move again.
You open Dissolution like a pillowcase!!!
Your tentacles burn!
* * * LOW HITPOINT WARNING * * *
Dissolution is heavily wounded.
You slash the floating eye! You slash the eye of devastation!
Dissolution misses you. Dissolution completely misses you.
The golden eye is struck by lightning.
You kill the golden eye!
The golden eye dissolves into a puddle of slime!
The floating eye seems to glare at you.
You cannot drink potions in your current state!
You are too confused!
Dissolution attacks as you move away! Dissolution hits you!!
* * * LOW HITPOINT WARNING * * *
You are splashed with acid.
You resist.
You die...

##.....## ##∩).)..∩##
#∩..)..÷.∩# #...÷..)._#
#_.[....._# #_....[.[.#
###.§.).[.).### #)[°[G°°).[..)#
######[8..@J)..[.8.######
##.__.)...§G#.#......_._∩##
###∩.[.....°8.# .)8)[......∩##
##..)[[...).[.J###.............
#⌠......[.[.###...###))†.......
#⌠..)...÷...# #.<.# #†..)......
#⌠.)....[...###...###..).......
##...)....÷....###.............
###∩....[...8.# #.8.)......∩##


You could see Dissolution, a slime creature, an eye of devastation (summoned)
and a floating eye (summoned, charged).

Vanquished Creatures
  Agnes (D)
  Ilsuiw (D)
  An acid blob (D)
  A rockslime (D)
  An azure jelly (D)
  4 ghost moths (D)
  3 emperor scorpions (D)
  2 quicksilver oozes (D)
  2 mummy priests (D)
  A fire dragon (D)
  A great orb of eyes (D)
  An ice dragon (D)
  A wizard (D)
  3 ogre magi (D)
  13 catoblepae (D)
  9 centaur warriors (D)
  2 dancing weapons (D)
  2 skeletal warriors (D)
  An orb spider (D)
  2 swamp dragons (D)
  A deep elf archer (D)
  A lindwurm (D)
  A steelbarb worm (D)
  6 deep elf pyromancers (D)
  3 deep elf zephyrmancers (D)
  17 shining eyes (D)
  An oklob plant (D)
  6 naga magi (D)
  A demonic crawler (D)
  2 komodo dragons (D)
  A rime drake (D)
  4 guardian mummies (D)
  3 queen bees (D)
  4 slime creatures (D)
  A water elemental (D)
  2 culicivoras (D)
  A redback (D)
  4 floating eyes (D)
  3 swamp drakes (D)
  An orc warrior (D)
  2 ice beasts (D)
  12 centaurs (D)
  A phantom (D)
  2 necrophages (D)
  2 earth elementals (D)
  3 wights (D)
  6 killer bees (D)
  5 jellies (D)
  4 iron imps (D)
  4 mummies (D)
  2 adder simulacra (D)
  5 orcs (D)
  4 endoplasms (D)
167 creatures vanquished.

Vanquished Creatures (others)
  An ice dragon (D)
1 creature vanquished.

Grand Total: 168 creatures vanquished

Notes
Turn   | Place    | Note
-------+----------+-------------------------------------------
     0 | D        | BigDaddyOpFi the Octopode Fighter began the quest for the
                  | Orb.
     0 | D        | Reached XP level 1. HP: 16/16 MP: 1/1
     4 | D        | Found a radiant altar of Vehumet.
     5 | D        | Found an ancient bone altar of Kikubaaqudgha.
     5 | D        | Found a blossoming altar of Fedhas.
     5 | D        | Round 1.
     6 | D        | Found a corrupted altar of Lugonu.
     6 | D        | Found a glowing silver altar of Zin.
     7 | D        | Found an opulent altar of Gozag.
     7 | D        | Found a basalt altar of Yredelemnul.
     7 | D        | Found Rimmeriaz's Identification Station.
     8 | D        | Found Qomo's Jewellery.
     8 | D        | Found Tifiad's Advanced Armour.
    10 | D        | Noticed an orc warrior
    21 | D        | Killed an orc warrior
    22 | D        | Reached skill level 5 in Fighting
    22 | D        | Reached skill level 5 in Dodging
    22 | D        | Reached skill level 5 in Shields
    22 | D        | Reached XP level 2. HP: 15/24 MP: 2/2
    22 | D        | Reached XP level 3. HP: 18/29 MP: 3/3
    22 | D        | Reached XP level 4. HP: 22/35 MP: 4/4
    25 | D        | Bought a crude pewter ring for 45 gold pieces
    25 | D        | Identified the ring "Meqasidei" {Int+6 Dex+2} (You bought
                  | it in a shop in the Dungeon)
    25 | D        | Bought a brightly glowing wooden ring for 45 gold pieces
    25 | D        | Identified the ring of Uskayaw's Supremacy {+Blink AC+4
                  | Str+3 Dex+3} (You bought it in a shop in the Dungeon)
    25 | D        | Bought a coiled golden amulet for 45 gold pieces
    25 | D        | Identified the amulet "Wuvuixeoxi" {Reflect rElec rPois
                  | Regen+ SH+5 Stlth-} (You bought it in a shop in the
                  | Dungeon)
    25 | D        | Bought an ancient tin ring for 45 gold pieces
    25 | D        | Identified the ring of Xom's Malicious Joy {Fire Dex+7}
                  | (You bought it in a shop in the Dungeon)
    77 | D        | Found a shadowy altar of Dithmenos.
   117 | D        | Arena points: 14 (+14) [x2]
   125 | D        | Found a hide-covered altar of Uskayaw.
   128 | D        | Found Toddiowk's Premium Goods.
   129 | D        | Found Ebiow's Miscellaneous Merchandise.
   129 | D        | Found Oqitosm's Basic Armour.
   130 | D        | Found a stormy altar of Qazlal.
   130 | D        | Found a shimmering altar of Xom.
   130 | D        | Found a snail-covered altar of Cheibriados.
   130 | D        | Found Gejasch's Weapon Rack.
   134 | D        | Found a sacrificial altar of Ru.
   136 | D        | Found a bloodstained altar of Trog.
   140 | D        | Became a worshipper of Qazlal Stormbringer
   187 | D        | Round 2.
   192 | D        | Found an ornate altar of the Wu Jian Council.
   192 | D        | Found Gessihe's Do-It-Yourself Clinic.
   194 | D        | Found Mimeog's Bottled Wisdom.
   194 | D        | Found Lyf Huas's Distillery.
   197 | D        | Found a glowing golden altar of the Shining One.
   197 | D        | Found a burning altar of Makhleb.
   197 | D        | Found Lamiwam's Distillery.
   252 | D        | Found an iron altar of Okawaru.
   257 | D        | Reached * piety under Qazlal
   258 | D        | Reached skill level 5 in Axes
   258 | D        | Reached skill level 1 in Invocations
   258 | D        | Reached XP level 5. HP: 30/41 MP: 4/6
   285 | D        | Found a shimmering blue altar of Sif Muna.
   287 | D        | Found Riorph's Staff Store.
   292 | D        | Found Mazxol's Magic Scroll Shop.
   293 | D        | Found Munoj's Must-Have Magic.
   293 | D        | Found Gael Ufio's Magic Scroll Shop.
   303 | D        | Reached skill level 2 in Invocations
   323 | D        | Arena points: 56 (+42) [x3]
   334 | D        | Bought a flickering lapis lazuli ring for 45 gold pieces
   334 | D        | Identified the ring of Fekodghaa {rPois Will- rCorr Dex+2}
                  | (You bought it in a shop in the Dungeon)
   334 | D        | Bought a scintillating silver ring for 45 gold pieces
   334 | D        | Identified the ring of the Fifty Flying Lives {rN+ Int+2
                  | Dex+3 SInv} (You bought it in a shop in the Dungeon)
   356 | D        | Round 3.
   360 | D        | Noticed a water elemental
   363 | D        | Noticed an ice beast
   365 | D        | Noticed an ice beast
   380 | D        | Reached ** piety under Qazlal
   380 | D        | Killed an ice beast
   381 | D        | Reached skill level 3 in Invocations
   381 | D        | Reached XP level 6. HP: 33/47 MP: 6/8
   385 | D        | Killed an ice beast
   386 | D        | Reached skill level 4 in Invocations
   387 | D        | Noticed a rime drake
   389 | D        | Killed a water elemental
   390 | D        | Reached skill level 5 in Invocations
   390 | D        | Reached XP level 7. HP: 27/54 MP: 7/11
   392 | D        | Killed a rime drake
   392 | D        | Reached *** piety under Qazlal
   393 | D        | Reached skill level 6 in Invocations
   406 | D        | Arena points: 140 (+84) [x4]
   421 | D        | Round 4.
   432 | D        | Bought a sparkling granite ring for 45 gold pieces
   432 | D        | Identified the ring of Eternal Harmony {Fly rPois rC+} (You
                  | bought it in a shop in the Dungeon)
   432 | D        | Bought a scorched marble ring for 45 gold pieces
   432 | D        | Identified the ring of Ru's Hope {rPois rC- rN++ Will+
                  | Str-2} (You bought it in a shop in the Dungeon)
   505 | D        | Reached XP level 8. HP: 62/62 MP: 13/13
   511 | D        | Reached **** piety under Qazlal
   512 | D        | Reached skill level 7 in Invocations
   525 | D        | Noticed a boulder beetle
   561 | D        | Arena points: 168 (+28) [x1]
   576 | D        | Round 5.
   584 | D        | Bought a sparkling iron ring for 45 gold pieces
   584 | D        | Identified the ring "Nynwaxzi" {rElec Will+ Dex+7 Slay-2
                  | SInv} (You bought it in a shop in the Dungeon)
   586 | D        | Noticed a witch
   601 | D        | Killed a witch
   601 | D        | Reached ***** piety under Qazlal
   601 | D        | Arena points: 273 (+105) [x3]
   602 | D        | Reached skill level 8 in Invocations
   602 | D        | Found the +2 hat of the Bear Spirit {Spirit, *Rage Will++}
   604 | D        | Got a decaying rune of Zot
   631 | D        | Bought a steaming lead ring for 45 gold pieces
   631 | D        | Identified the ring "Mavoxoid" {Drain rN+ Int+4 Dex+5} (You
                  | bought it in a shop in the Dungeon)
   688 | D        | Bought a +0 broad axe for 120 gold pieces
   782 | D        | Round 6.
   786 | D        | Paralysed by a floating eye for 2 turns
   788 | D        | Reached XP level 9. HP: 69/69 MP: 15/15
   794 | D        | Noticed a shining eye
   795 | D        | Gained mutation: You sometimes lose your temper in combat.
                  | [a shining eye]
   798 | D        | Gained mutation: You do not regenerate when monsters are
                  | visible. [a shining eye]
   799 | D        | Killed a shining eye
   800 | D        | Reached skill level 10 in Fighting
   800 | D        | Reached skill level 10 in Dodging
   800 | D        | Reached skill level 10 in Shields
   800 | D        | Reached skill level 9 in Invocations
   801 | D        | Paralysed by a floating eye for 4 turns
   808 | D        | Paralysed by a floating eye for 3 turns
   812 | D        | Reached skill level 10 in Axes
   822 | D        | Arena points: 489 (+216) [x4]
   840 | D        | Reached skill level 10 in Invocations
   840 | D        | Reached XP level 10. HP: 77/77 MP: 17/17
   843 | D        | Bought a scroll of brand weapon for 95 gold pieces
   847 | D        | Round 7.
   852 | D        | Reached ****** piety under Qazlal
   966 | D        | Arena points: 804 (+315) [x5]
  1024 | D        | Round 8.
  1025 | D        | Noticed a deep elf archer
  1026 | D        | Noticed a deep elf pyromancer
  1028 | D        | Noticed a +0 short sword of speed
  1031 | D        | Noticed a deep elf pyromancer
  1032 | D        | Killed a deep elf pyromancer
  1032 | D        | Killed a +0 short sword of speed
  1032 | D        | Noticed a deep elf zephyrmancer
  1033 | D        | Reached skill level 11 in Invocations
  1033 | D        | Reached XP level 11. HP: 55/84 MP: 17/19
  1034 | D        | Noticed a deep elf pyromancer
  1035 | D        | Noticed a deep elf zephyrmancer
  1040 | D        | Noticed a deep elf pyromancer
  1045 | D        | Killed a deep elf pyromancer
  1046 | D        | Killed a deep elf zephyrmancer
  1046 | D        | Killed a deep elf archer
  1048 | D        | Killed a deep elf pyromancer
  1048 | D        | Noticed a +1 short sword of speed
  1049 | D        | Killed a deep elf pyromancer
  1050 | D        | Reached skill level 12 in Invocations
  1052 | D        | Killed a deep elf zephyrmancer
  1054 | D        | Killed a +1 short sword of speed
  1054 | D        | Arena points: 1284 (+480) [x6]
  1087 | D        | Round 9.
  1096 | D        | Bought 8 scrolls of enchant weapon for 600 gold pieces
  1130 | D        | Noticed a skeletal warrior
  1130 | D        | Noticed a skeletal warrior
  1139 | D        | Killed a skeletal warrior
  1140 | D        | Killed a skeletal warrior
  1146 | D        | Arena points: 1851 (+567) [x7]
  1147 | D        | Reached skill level 13 in Invocations
  1190 | D        | Bought a twisted hat for 315 gold pieces
  1190 | D        | Identified the +2 hat "Vaqij" {rPois rF+ Int+4 Dex+6} (You
                  | bought it in a shop in the Dungeon)
  1195 | D        | Bought a transparent kite shield for 332 gold pieces
  1195 | D        | Identified the +0 kite shield of the Monk {rPois rF+ SInv}
                  | (You bought it in a shop in the Dungeon)
  1215 | D        | Round 10.
  1220 | D        | Noticed Ilsuiw
  1228 | D        | Noticed a sea snake
  1233 | D        | Killed Ilsuiw
  1233 | D        | Arena points: 2661 (+810) [x9]
  1236 | D        | Got a barnacled rune of Zot
  1349 | D        | Reached XP level 12. HP: 94/94 MP: 22/22
  1357 | D        | Bought 4 scrolls of enchant armour for 300 gold pieces
  1361 | D        | Bought a scroll of enchant weapon for 75 gold pieces
  1395 | D        | Round 11.
  1406 | D        | Bought 3 potions of heal wounds for 105 gold pieces
  1406 | D        | Bought 3 potions of heal wounds for 105 gold pieces
  1474 | D        | Noticed a mummy priest
  1481 | D        | Killed a mummy priest
  1482 | D        | Reached skill level 14 in Invocations
  1482 | D        | Reached XP level 13. HP: 54/99 MP: 23/23
  1484 | D        | Noticed a mummy priest
  1493 | D        | Killed a mummy priest
  1516 | D        | Arena points: 3871 (+1210) [x10]
  1529 | D        | Bought a heavily runed brass amulet for 45 gold pieces
  1529 | D        | Identified the amulet of Uraabb {Reflect rN+++ rCorr Str-5
                  | SH+5} (You bought it in a shop in the Dungeon)
  1529 | D        | Bought a pitted bone amulet for 45 gold pieces
  1529 | D        | Identified the amulet of Kalauly {Acrobat rPois rN+ Will++
                  | Str-3} (You bought it in a shop in the Dungeon)
  1529 | D        | Bought a warped marble ring for 45 gold pieces
  1529 | D        | Identified the ring "Omonnage" {Fly rElec Int+6} (You
                  | bought it in a shop in the Dungeon)
  1529 | D        | Bought a twitching lapis lazuli ring for 45 gold pieces
  1529 | D        | Identified the ring of Voluzer {rCorr Str+9 Dex+2} (You
                  | bought it in a shop in the Dungeon)
  1529 | D        | Bought a warped glass ring for 45 gold pieces
  1529 | D        | Identified the ring "Paopot" {rPois MP-9 AC+4 Dex+3} (You
                  | bought it in a shop in the Dungeon)
  1569 | D        | Round 12.
  1646 | D        | Reached skill level 15 in Invocations
  1662 | D        | Arena points: 5587 (+1716) [x11]
  1683 | D        | Bought 2 potions of mutation for 112 gold pieces
  1683 | D        | Lost mutation: You do not regenerate when monsters are
                  | visible. [potion of mutation]
  1683 | D        | Lost mutation: You sometimes lose your temper in combat.
                  | [potion of mutation]
  1683 | D        | Gained mutation: One of your tentacles bears a spike.
                  | [potion of mutation]
  1683 | D        | Gained mutation: You are partially covered in iridescent
                  | scales. (AC +2) [potion of mutation]
  1707 | D        | Round 13.
  1724 | D        | Reached skill level 15 in Axes
  1741 | D        | Reached skill level 15 in Dodging
  1750 | D        | Reached skill level 15 in Fighting
  1750 | D        | Reached skill level 15 in Shields
  1811 | D        | Noticed a fire dragon
  1817 | D        | Killed a fire dragon
  1820 | D        | Noticed an ice dragon
  1820 | D        | Noticed an ice dragon
  1825 | D        | Killed an ice dragon
  1834 | D        | Killed an ice dragon
  1835 | D        | Reached skill level 16 in Invocations
  1875 | D        | Arena points: 5743 (+156) [x1]
  1890 | D        | Round 14.
  1915 | D        | Bought a slimy zirconium amulet for 45 gold pieces
  1915 | D        | Identified the amulet "Aphycs" {RegenMP +Inv Str+4} (You
                  | bought it in a shop in the Dungeon)
  1915 | D        | Bought a sparkling sapphire amulet for 45 gold pieces
  1915 | D        | Identified the amulet of Muesag {Acrobat *Slow rPois Str+2
                  | Int+3} (You bought it in a shop in the Dungeon)
  1925 | D        | Bought a smoking buckler for 332 gold pieces
  1925 | D        | Identified the +2 buckler of Terror {-Cast rCorr Dex+4}
                  | (You bought it in a shop in the Dungeon)
  1925 | D        | Bought a distressingly furry buckler for 332 gold pieces
  1925 | D        | Identified the +2 buckler of Maaj {Regen+ Int+8 Slay+2
                  | Stlth-} (You bought it in a shop in the Dungeon)
  2007 | D        | Arena points: 6051 (+308) [x2]
  2043 | D        | Bought 3 scrolls of blinking for 225 gold pieces
  2086 | D        | Round 15.
  2090 | D        | Noticed Agnes
  2100 | D        | Killed Agnes
  2100 | D        | Arena points: 6711 (+660) [x4]
  2103 | D        | Got a mossy rune of Zot
  2104 | D        | Reached XP level 14. HP: 111/111 MP: 2/26
  2277 | D        | Round 16.
  2294 | D        | Reached skill level 17 in Invocations
  2360 | D        | Reached XP level 15. HP: 118/118 MP: 18/27
  2381 | D        | Arena points: 7831 (+1120) [x5]
  2452 | D        | Round 17.
  2461 | D        | Gained mutation: You are dopey. (Int -2) [a shining eye]
  2462 | D        | Gained mutation: Your spells are a little easier to cast,
                  | but a little less powerful. [a shining eye]
  2462 | D        | Gained mutation: You are weak. (Str -2) [a shining eye]
  2464 | D        | Gained mutation: Your spells are easier to cast, but less
                  | powerful. [a shining eye]
  2466 | D        | Lost mutation: You are weak. (Str -2) [a shining eye]
  2474 | D        | Gained mutation: You occasionally lose the ability to drink
                  | potions when taking damage. [a shining eye]
  2500 | D        | Gained mutation: You are weak. (Str -2) [a shining eye]
  2507 | D        | Gained mutation: You are vulnerable to cold. (rC-) [a
                  | shining eye]
  2508 | D        | Gained mutation: Your magical capacity is low. (-10% MP) [a
                  | shining eye]
  2512 | D        | Gained mutation: You are frail. (-10% HP) [a shining eye]
  2516 | D        | Gained mutation: You are very vulnerable to cold. (rC--) [a
                  | shining eye]
  2525 | D        | Lost mutation: One of your tentacles bears a spike. [a
                  | shining eye]
  2527 | D        | Gained mutation: Your spells are much easier to cast, but
                  | much less powerful. [a shining eye]
  2528 | D        | Gained mutation: You sometimes lose the ability to drink
                  | potions when taking damage. [a shining eye]
  2530 | D        | Gained mutation: One of your tentacles bears a spike. [a
                  | shining eye]
  2531 | D        | Gained mutation: You are clumsy. (Dex -2) [a shining eye]
  2534 | D        | Gained mutation: You are very frail. (-20% HP) [a shining
                  | eye]
  2540 | D        | Reached skill level 18 in Invocations
  2540 | D        | Gained mutation: You are very dopey. (Int -4) [a shining
                  | eye]
  2542 | D        | Lost mutation: Your magical capacity is low. (-10% MP) [a
                  | shining eye]
  2547 | D        | Gained mutation: You have hidden genetic defects. [a
                  | shining eye]
  2549 | D        | Gained mutation: Your body sometimes deteriorates upon
                  | taking damage. [a shining eye]
  2550 | D        | Gained mutation: Your magical capacity is low. (-10% MP) [a
                  | shining eye]
  2568 | D        | Gained mutation: You have terrible hidden genetic defects.
                  | [a shining eye]
  2570 | D        | Gained mutation: Your magical capacity is very low. (-20%
                  | MP) [a shining eye]
  2573 | D        | Gained mutation: You occasionally shout uncontrollably at
                  | your foes. [a shining eye]
  2575 | D        | Arena points: 9565 (+1734) [x6]
  2593 | D        | Bought 2 potions of experience for 600 gold pieces
  2593 | D        | Reached XP level 16. HP: 100/100 MP: 14/23
  2595 | D        | Reached XP level 17. HP: 105/105 MP: 15/24
  2627 | D        | Round 18.
  2658 | D        | Reached skill level 5 in Evocations
  2757 | D        | Gained mutation: You are extremely frail. (-30% HP) [hidden
                  | defects]
  2760 | D        | Lost mutation: You are extremely frail. (-30% HP) [potion
                  | of mutation]
  2760 | D        | Lost mutation: You are very frail. (-20% HP) [potion of
                  | mutation]
  2760 | D        | Gained mutation: You expend magic power (3 MP) to
                  | strengthen your wands. [potion of mutation]
  2775 | D        | Arena points: 11329 (+1764) [x7]
  2776 | D        | Reached skill level 19 in Invocations
  2788 | D        | Bought 3 potions of mutation for 168 gold pieces
  2788 | D        | Bought a potion of mutation for 56 gold pieces
  2788 | D        | Lost mutation: One of your tentacles bears a spike. [potion
                  | of mutation]
  2788 | D        | Lost mutation: You are partially covered in iridescent
                  | scales. (AC +2) [potion of mutation]
  2788 | D        | Gained mutation: Your system is resistant to poisons.
                  | (rPois) [potion of mutation]
  2789 | D        | Lost mutation: Your spells are much easier to cast, but
                  | much less powerful. [potion of mutation]
  2789 | D        | Lost mutation: You expend magic power (3 MP) to strengthen
                  | your wands. [potion of mutation]
  2789 | D        | Lost mutation: Your spells are easier to cast, but less
                  | powerful. [potion of mutation]
  2790 | D        | Lost mutation: You are very vulnerable to cold. (rC--)
                  | [potion of mutation]
  2790 | D        | Lost mutation: Your body sometimes deteriorates upon taking
                  | damage. [potion of mutation]
  2790 | D        | Lost mutation: You occasionally shout uncontrollably at
                  | your foes. [potion of mutation]
  2790 | D        | Gained mutation: You occasionally lose the ability to read
                  | scrolls when taking damage. [potion of mutation]
  2791 | D        | Lost mutation: You occasionally lose the ability to read
                  | scrolls when taking damage. [potion of mutation]
  2791 | D        | Lost mutation: You are vulnerable to cold. (rC-) [potion of
                  | mutation]
  2791 | D        | Lost mutation: You are weak. (Str -2) [potion of mutation]
  2804 | D        | Round 19.
  2957 | D        | Arena points: 13457 (+2128) [x8]
  2978 | D        | Bought an ancient tower shield for 332 gold pieces
  2978 | D        | Identified the +6 tower shield of Negligence {Dex+4} (You
                  | bought it in a shop in the Dungeon)
  2980 | D        | Round 20.
  2998 | D        | Noticed an acid blob
  3006 | D        | Killed an acid blob
  3017 | D        | Paralysed by a great orb of eyes for 5 turns
  3033 | D        | Gained mutation: You are very frail. (-20% HP) [hidden
                  | defects]
  3033 | D        | Lost mutation: You have terrible hidden genetic defects.
                  | [hidden defects expressed]
  3038 | D        | Reached skill level 20 in Invocations
  3038 | D        | Reached skill level 10 in Evocations
  3055 | D        | Noticed Dissolution
  3060 | D        | Paralysed by a floating eye for 3 turns
  3064 | D        | HP: 1/108 [Dissolution (32)]
  3064 | D        | Splashed by Dissolution's acid

Illustrated notes

Levels and vault maps discovered:
D:        arena_sprint

Skill      XL: |  1  2  3  4  5  6  7  8  9 10 11 12 13 14 15 16 17 |
---------------+----------------------------------------------------+-----
Fighting       | 5 6 7 8 9 10 11 13 15 16 17 18 | 18.9
Axes           | 4 5 6 7 8 9 10 11 13 16 17 19 | 19.0
Dodging        | 5 6 7 8 9 10 11 13 15 16 17 18 | 18.9
Shields        | 5 6 7 8 9 10 11 13 15 16 17 18 | 18.9
Invocations    | 1 3 5 6 8 10 11 13 14 16 17 18 20 | 20.0
Evocations     | 4 10 | 10.1

Action                   |  1- 3 |  4- 6 |  7- 9 | 10-12 | 13-15 | 16-18 || total
-------------------------+-------+-------+-------+-------+-------+-------++-------
Melee: War axe           |     4 |    31 |    63 |       |       |       ||    98
       Constrict         |     1 |     1 |     6 |    10 |    19 |     2 ||    39
       Tentacles         |       |     4 |    25 |    10 |    35 |    31 ||   105
       Punch             |       |       |     1 |     1 |       |     1 ||     3
       Broad axe         |       |       |     8 |    44 |   118 |   103 ||   273
       Kick              |       |       |       |       |    38 |    21 ||    59
Invok: Disaster Area     |       |       |       |     3 |     2 |       ||     5
 Abil: Evoke Blink       |       |     1 |       |       |       |       ||     1
Evoke: Wand              |       |     4 |       |       |       |       ||     4
  Use: Potion            |     4 |     1 |     1 |     1 |     5 |     6 ||    18
       Scroll            |       |       |       |    10 |       |       ||    10
 Stab: Distracted        |       |     1 |       |       |       |       ||     1
Armor: Skin              |     2 |     3 |     2 |     3 |     8 |    25 ||    43
Dodge: Dodged            |     2 |    12 |    18 |    54 |    85 |    67 ||   238
       Repelled          |       |       |       |     5 |     7 |       ||    12
Block: Buckler           |       |    18 |    31 |    74 |    97 |    92 ||   312
       Reflection        |       |     1 |       |    37 |    45 |       ||    83
       Kite shield       |       |       |       |    13 |    90 |       ||   103
       Tower shield      |       |       |       |       |       |    45 ||    45

Table legend: (Time is in decaauts)
 A = Elapsed time spent in this place.
 B = Non-inter-level travel time spent in this place.
 C = Inter-level travel time spent in this place.
 D = Time resting spent in this place.
 E = Time spent auto-exploring this place.
 F = Levels seen in this place.
 G = Mean time per level.
                   A        B        C        D        E       F      G
               +--------+--------+--------+--------+--------+-----+--------+
         Total |   3172 |   3172 |      0 |   1011 |      0 |   1 | 3172.0 |
       Dungeon |   3172 |   3172 |      0 |   1011 |      0 |   1 | 3172.0 |
               +--------+--------+--------+--------+--------+-----+--------+

Top non-repeatable levels by time:
       D: 3172 daAuts
